 Dungeon Crawl Stone Soup version 0.26-a0-812-g31a745ddcd (webtiles) character file.

Game seed: 4104601223096629518

175 raph the Insei (level 5, -11/33 HPs)
             Began as an Octopode Transmuter on Nov 26, 2020.
             Killed by divine providence
             ... invoked by an orc priest
              (12 damage)
             ... on level 3 of the Dungeon.
             The game lasted 00:04:41 (3377 turns).

raph the Insei (Octopode Transmuter)                Turns: 3377, Time: 00:04:42

Health: -11/33     AC:  1    Str:  9    XL:     5   Next: 55%
Magic:  6/8        EV: 14    Int: 15    God:
Gold:   137        SH:  0    Dex: 14    Spells: 3/9 levels left

rFire    . . .     SeeInvis .     - Unarmed
rCold    . . .     Faith    .   (no shield)
rNeg     . . .     Spirit   .   (helmet currently unavailable)
rPois    .         Reflect  .   (no amulet)
rElec    .         Harm     .   (no ring)
rCorr    .         Rampage  .   (no ring)
MR       .....                  (no ring)
Stlth    ++........             (no ring)
HPRegen  0.11/turn              (no ring)
MPRegen  0.11/turn              (no ring)
                                (no ring)
                                (no ring)

@: appendages, wereblooded
A: almost no armour, stealthy swim, amphibious, 8 rings, constrict 8, tentacle
spike 3, camouflage 1, gelatinous body 1
a: End Transformation


You were on level 3 of the Dungeon.
One of your tentacles had a temporary spike.
You visited 1 branch of the dungeon, and saw 3 of its levels.

You collected 137 gold pieces.

Inventory:

Scrolls
 a - 6 scrolls of remove curse {unknown}
 b - a scroll of teleportation {unknown}
 d - 2 scrolls of identify {unknown}
 e - a scroll of enchant armour {unknown}
 g - a scroll of random uselessness {unknown}
 k - a scroll of magic mapping {unknown}
 m - a scroll of blinking {unknown}
Potions
 c - a potion of curing {unknown}
 f - a potion of might {unknown}
 h - 2 potions of flight {unknown}
 i - a potion of magic {unknown}
 j - a potion of brilliance {unknown}
 l - 2 potions of haste {unknown}


   Skills:
 - Level 1.6 Fighting
 - Level 2.4 Dodging
 * Level 4.2 Unarmed Combat
 + Level 2.6 Spellcasting
 * Level 3.3 Transmutations
 + Level 1.4 Poison Magic


You had 3 spell levels left.
You knew the following spells:

 Your Spells              Type           Power        Failure   Level
a - Beastly Appendage     Tmut           ##....       5%          1
b - Wereblood             Tmut           ##......     8%          2
c - Spider Form           Tmut/Pois      #.........   24%         3

Your spell library contained the following spells:

 Spells                   Type           Power        Failure   Level
 Ice Form                 Ice/Tmut       #.......     71%         4
 Blade Hands              Tmut           ##........   82%         5


Dungeon Overview and Level Annotations

Branches:
Dungeon (3/15)

Altars:

Annotations:
D:3 Robin


Innate Abilities, Weirdness & Mutations

You cannot wear most types of armour.
You are very stealthy in the water. (Stealth+)
You are amphibious.
You can wear up to eight rings at the same time.
You can use your tentacles to constrict eight enemies at once.
Your skin changes colour to match your surroundings (Stealth+).
Your rubbery body absorbs attacks. (AC +1, EV +1)
One of your tentacles bears a large vicious spike.


Message History

You kill the goblin!
The goblin hits you but does no damage. Robin throws the goblin at you!
* * * LOW HITPOINT WARNING * * *
You closely miss the goblin. You grab the goblin. You constrict the goblin.
The goblin hits you with a +0 club.
* * * LOW HITPOINT WARNING * * *
The goblin hits you with a +0 club.
* * * LOW HITPOINT WARNING * * *
An orc priest comes into view. It is wielding a +0 hand axe.
You miss the goblin. Your grab misses the goblin.
You pierce the goblin, but do no damage.
You constrict the goblin. The goblin closely misses you.
Unknown command.
You tentacle-slap the goblin.
You kill the goblin!
You constrict the goblin.
You kill the goblin!
The orc priest mumbles some strange prayers to Beogh against you.
Beogh smites you!
You die...

.. .. ## .. #.# #.
#.# #. # ## #.#. ##
###.###.## #o# .#
#........#######gg..#
.+
...........))@)ggg...
.#
#....#...##.####go..#
## #.#.##...##.# #.#
# # # #....##.#
#..#.##.# #..#.##.#
#.###..#.##.#
#...........#
#####.#######


You could see Robin, an orc priest, an orc, 3 hobgoblins and 2 goblins.

Vanquished Creatures
  A jelly (D:3)
  5 adders (D:2)
  2 worms
  A dart slug (D:2)
  3 leopard geckos
  A ball python (D:2)
  7 bats
  A bat skeleton (D:2)
  4 giant cockroaches
  11 goblins
  11 hobgoblins
  15 jackals
  6 kobolds
  A quokka (D:2)
  5 frilled lizards (D:1)
  6 rats
80 creatures vanquished.

Notes
Turn   | Place    | Note
-------+----------+-------------------------------------------
     0 | D:1      | raph the Octopode Transmuter began the quest for the Orb.
     0 | D:1      | Reached XP level 1. HP: 13/13 MP: 3/3
   104 | D:1      | Reached XP level 2. HP: 15/18 MP: 5/5
   452 | D:1      | Learned a level 2 spell: Wereblood
   889 | D:1      | Reached XP level 3. HP: 19/23 MP: 2/6
  1559 | D:2      | Reached XP level 4. HP: 10/28 MP: 3/7
  1861 | D:2      | Learned a level 3 spell: Spider Form
  2528 | D:2      | Reached skill level 4 in Unarmed Combat
  2826 | D:2      | Reached XP level 5. HP: 31/33 MP: 6/8
  2829 | D:2      | Reached skill level 1 in Poison Magic
  3366 | D:3      | Noticed Robin
  3375 | D:3      | HP: 1/33 [goblin/+0 club[Robin] (4)]
  3377 | D:3      | Killed from afar by an orc priest

Illustrated notes

Levels and vault maps discovered:
D:1:      lightli_arrival_isolated_outpost, layout_rooms, skrybe_limestone_x
D:2:      layout_basic, minmay_randomly_rotated_circles
D:3:      wad_river_or_something, layout_loops_corners, uniq_jessica, uniq_robin

Skill      XL: |  1  2  3  4  5 |
---------------+----------------+-----
Transmutations | 3 |  3.3
Unarmed Combat | 4 |  4.2
Poison Magic   | 1 |  1.4
Fighting       | |  1.6
Dodging        | |  2.4
Spellcasting   | |  2.6

Action                   |  1- 3 |  4- 6 || total
-------------------------+-------+-------++-------
Melee: Unarmed           |    81 |    90 ||   171
       Constrict         |    30 |    28 ||    58
       Kick              |    15 |    24 ||    39
       Tentacles         |     8 |    16 ||    24
       Punch             |     2 |     1 ||     3
 Cast: Beastly Appendage |    15 |    10 ||    25
       Wereblood         |     3 |     4 ||     7
 Stab: Sleeping          |     3 |     1 ||     4
Armor: Skin              |     9 |     7 ||    16
Dodge: Dodged            |    77 |    69 ||   146

Table legend: (Time is in decaauts)
 A = Elapsed time spent in this place.
 B = Non-inter-level travel time spent in this place.
 C = Inter-level travel time spent in this place.
 D = Time resting spent in this place.
 E = Time spent auto-exploring this place.
 F = Levels seen in this place.
 G = Mean time per level.
                   A        B        C        D        E       F      G
               +--------+--------+--------+--------+--------+-----+--------+
         Total |   3366 |   3327 |     39 |   1758 |   1092 |   3 | 1122.0 |
       Dungeon |   3366 |   3327 |     39 |   1758 |   1092 |   3 | 1122.0 |
               +--------+--------+--------+--------+--------+-----+--------+

Top non-repeatable levels by time:
     D:1: 1602 daAuts
     D:2: 1439 daAuts
     D:3: 325 daAuts
